 Dungeon Crawl Stone Soup version 0.30.0-10-gfe55d96785 (webtiles) character file.

Game seed: 14370110766544998828

104 qw the Chopper (level 4, -2/28 HPs)
             Began as a Gargoyle Cinder Acolyte on May 17, 2023.
             Was a High Priest of Ignis.
             Slain by a gnoll bouda
             ... wielding a +3 whip
              (4 damage)
             ... on level 3 of the Dungeon.
             The game lasted 00:00:55 (1420 turns).

qw the Chopper (Gargoyle Cinder Acolyte)            Turns: 1420, Time: 00:00:55

Health: -2/28      AC: 17    Str: 20    XL:     4   Next: 80%
Magic:  5/5        EV:  9    Int: 14    God:    Ignis [*****.]
Gold:   46         SH:  0    Dex:  5    Spells: 5/5 levels left

rFire   + . .        Y - +0 hand axe (flame)
rCold   . . .        (no shield)
rNeg    + . .        o - +0 scale mail
rPois   inf          i - +0 helmet
rElec   +            (no cloak)
rCorr   .            (no gloves)
SInv    .            (no boots)
Will    +....        (no amulet) Stlth
                     d - ring of willpower
HPRegen 0.24/turn    (no ring)
MPRegen 0.09/turn

%: no passive effects
@: fiery-armoured
A: sickness immunity, AC +3, negative energy resistance 1, electricity
resistance, torment resistance 1, petrification resistance
a: Renounce Religion, Fiery Armour, Foxfire Swarm, Rising Flame


You were on level 3 of the Dungeon.
You worshipped Ignis.
Ignis was extremely pleased with you.
You visited 1 branch of the dungeon, and saw 3 of its levels.

You collected 46 gold pieces.


Innate Abilities, Weirdness & Mutations

You are immune to sickness and miasma.
Your stone body is resilient. (AC +3)
You are immune to poison.
You resist negative energy. (rN+)
You are resistant to electric shocks. (rElec)
You are resistant to unholy torment.
You are immune to petrification.


   Skills:
 - Level 3.2 Fighting
 + Level 4.7 Axes
 - Level 1.1 Armour
 - Level 1.0 Spellcasting
 - Level 3.0 Fire Magic


You had 5 spell levels left.
You didn't know any spells.
Your spell library contained the following spells:

 Spells                   Type           Power      Damage    Failure   Level
 Scorch                   Fire           18%        2d5       34%         2

Inventory:

Hand Weapons
 Y - a +0 hand axe of flaming (weapon)
Missiles
 c - 5 boomerangs (quivered)
Armour
 i - a +0 helmet (worn)
 o - a +0 scale mail (worn)
Jewellery
 d - a ring of willpower (left hand)
Scrolls
 k - a scroll of identify
Potions
 a - a potion of heal wounds {unknown}
 b - a potion of haste {unknown}
 e - a potion of magic {unknown}
 g - a potion of berserk rage {unknown}
 h - a potion of invisibility {unknown}
 j - a potion of attraction {unknown}
 m - a potion of lignification {unknown}
 n - a potion of curing

Dungeon Overview and Level Annotations

Branches:
Dungeon (3/15)

Altars:
Ru


Message History

The gnoll hits you but does no damage.
The gnoll is burned by your cloak of flames.
The gnoll is moderately wounded.
The gnoll bouda calls upon its god to heal the gnoll.
The gnoll's wounds heal themselves!
The gnoll closely misses you.
You hit the gnoll bouda but do no damage.
The gnoll bouda is lightly wounded.
You barely miss the gnoll. The gnoll hits you with a +0 whip.
The gnoll is burned by your cloak of flames.
The gnoll is lightly wounded.
The gnoll bouda hits you with a +3 whip.
The gnoll bouda is burned by your cloak of flames.
The gnoll bouda is moderately wounded.
The gnoll hits you from afar with a +2 halberd of venom.
The gnoll hits you but does no damage.
The gnoll is burned by your cloak of flames.
The gnoll is heavily wounded.
You hit the gnoll but do no damage.
The gnoll is heavily wounded.
You hit the gnoll bouda but do no damage.
The gnoll bouda closely misses you.
The gnoll hits you from afar with a +2 halberd of venom.
The gnoll hits you but does no damage.
The gnoll is burned by your cloak of flames.
The gnoll is severely wounded.
You hit the gnoll. You burn the gnoll.
You kill the gnoll!
You barely miss the gnoll bouda. The gnoll bouda barely misses you.
The gnoll barely misses you.
You hit the gnoll bouda but do no damage.
The gnoll bouda is moderately wounded.
The gnoll bouda hits you with a +3 whip.
The gnoll bouda is burned by your cloak of flames.
The gnoll bouda is heavily wounded.
The gnoll closely misses you.
You hit the gnoll bouda. You burn the gnoll bouda.
The gnoll bouda is heavily wounded.
The gnoll bouda hits you with a +3 whip.
You die...

#.# #
#.#############.#
#
#.#.............#
#
#.#.######.%#####
# #.... ...#..# #
##...# ##.#..# #
#.#..# #.....# #
#.####...# #..##.#
# #....g@.#
#..##.# #
#.####)#.###..##.#
# #g#<........# #
#.#####..#### # #.
#.......##### #.
#............ #.
#######...<.. #.
#.##### #


You could see a gnoll bouda and a gnoll (swift).

Vanquished Creatures
  2 gnolls (D:3)
  2 adders (D:2)
  A worm (D:2)
  2 dart slugs (D:2)
  4 endoplasms
  6 giant cockroaches
  7 goblins
  10 hobgoblins
  2 jackals (D:1)
  A quokka (D:1)
  4 ball pythons
  A bat (D:1)
  2 frilled lizards
  6 kobolds
  3 rats
53 creatures vanquished.

Notes
Turn   | Place    | Note
-------+----------+-------------------------------------------
     0 | D:1      | qw the Gargoyle Cinder Acolyte began the quest for the Orb.
     0 | D:1      | Reached XP level 1. HP: 14/14 MP: 2/2
     0 | D:1      | 0 ||| qw: Version: 0.2-a-95-g816fdde
     0 | D:1      | 0 ||| qw: Game counter: 77
     0 | D:1      | 0 ||| qw: Always use a shield: true
     0 | D:1      | 0 ||| qw: God list: Okawaru
     0 | D:1      | 0 ||| qw: Allow faded altars: false
     0 | D:1      | 0 ||| qw: Do Orc after D:15 true
     0 | D:1      | 0 ||| qw: Do second Lair branch before Depths: true
     0 | D:1      | 0 ||| qw: Lair rune preference: random
     0 | D:1      | 0 ||| qw: Plans: Normal
     0 | D:1      | 0 ||| PLANNING D:1-11
     9 | D:1      | 9 ||| Stepping ~*~*~tactically~*~*~ (hiding).
    38 | D:1      | 38 ||| INVOKING Fiery Armour.
    39 | D:1      | Reached skill level 3 in Axes
    80 | D:1      | You fall into a shaft and drop 1 floor!
    82 | D:2      | 82 ||| READING scroll labelled BOITWY FESEIBA.
    90 | D:2      | Reached XP level 2. HP: 19/19 MP: 3/3
   240 | D:1      | 240 ||| INVOKING Fiery Armour.
   332 | D:1      | Reached XP level 3. HP: 23/23 MP: 4/4
   447 | D:1      | 447 ||| Stepping ~*~*~tactically~*~*~ (stealth).
   487 | D:1      | 487 ||| Stepping ~*~*~tactically~*~*~ (stealth).
   556 | D:1      | 556 ||| Stepping ~*~*~tactically~*~*~ (stealth).
   565 | D:1      | 565 ||| Stepping ~*~*~tactically~*~*~ (stealth).
   662 | D:1      | 662 ||| UPGRADING to +0 ring mail.
   672 | D:1      | 672 ||| DROPPING +0 robe.
   673 | D:1      | 673 ||| UPGRADING to ring of willpower.
   674 | D:1      | 674 ||| READING scroll labelled LAHOHI AGITZIG.
   710 | D:2      | Reached skill level 4 in Axes
   750 | D:2      | Reached skill level 1 in Armour
   870 | D:2      | 870 ||| Stepping ~*~*~tactically~*~*~ (hiding).
   880 | D:2      | Reached XP level 4. HP: 28/28 MP: 5/5
   971 | D:2      | 971 ||| Stepping ~*~*~tactically~*~*~ (stealth).
   976 | D:2      | 976 ||| Stepping ~*~*~tactically~*~*~ (stealth).
  1160 | D:2      | Found a sacrificial altar of Ru.
  1198 | D:2      | 1198 ||| Stepping ~*~*~tactically~*~*~ (hiding).
  1295 | D:2      | 1295 ||| UPGRADING to +0 helmet.
  1300 | D:2      | 1300 ||| UPGRADING to +0 scale mail.
  1310 | D:2      | 1310 ||| DROPPING +0 ring mail.
  1311 | D:2      | 1311 ||| READING 2 scrolls labelled LIMAICSOET.
  1312 | D:2      | 1312 ||| READING scroll labelled OVEUFONEDE.
  1313 | D:2      | 1313 ||| READING scroll labelled VUILOH KOFUKH.
  1314 | D:2      | 1314 ||| READING scroll labelled GUSORE OZAEFF.
  1318 | D:2      | 1318 ||| DRINKING 2 bubbling pink potions.
  1401 | D:3      | 1401 ||| Stepping ~*~*~tactically~*~*~ (hiding).
  1406 | D:3      | 1406 ||| INVOKING Fiery Armour.
  1416 | D:3      | HP: 7/28 [gnoll/+2 halberd of venom[a gnoll bouda] (1)]
  1419 | D:3      | HP: 2/28 [gnoll bouda/+3 whip (3)]
  1420 | D:3      | Slain by a gnoll bouda

Levels and vault maps discovered:
D:1:      dpeg_arrival_pits, layout_rooms, supply_closet_lemuel
D:2:      layout_loops_ring, basic_altar, minmay_misc_feat_doors
D:3:      kennysheep_the_goblin_king, layout_loops_ring,
          nicolae_uskayaw_suspiria, uniq_terence

Skill      XL: |  1  2  3 |
---------------+----------+-----
Axes           | 3 4 |  4.7
Armour         | 1 |  1.1
Fighting       | |  3.2
Spellcasting   | |  1.0
Fire Magic     | |  3.0

Action                     |  1- 3 |  4- 6 || total
---------------------------+-------+-------++-------
  Melee: Hand axe          |   110 |    43 ||   153
  Throw: Boomerang         |    50 |    10 ||    60
 Invoke: Fiery Armour      |     2 |     1 ||     3
    Use: Scroll            |     2 |     4 ||     6
         Potion            |       |     1 ||     1
 Armour: Robe              |    23 |       ||    23
         Ring mail         |     6 |     9 ||    15
         Scale mail        |       |     9 ||     9
  Dodge: Dodged            |    54 |    22 ||    76

Table legend:
 A = Non-vault XP
 B = Vault XP
 C = Vault XP percentage of total XP
 D = Non-vault monster count
 E = Vault monster count
 F = Vault count percentage of total count
                 A         B        C        D         E       F
            +---------+---------+-------+---------+---------+-------
      Total |     149 |       0 |   0.0 |      53 |       0 |   0.0
            +---------+---------+-------+---------+---------+-------
        D:1 |      49 |       0 |   0.0 |      30 |       0 |   0.0
        D:2 |      64 |       0 |   0.0 |      18 |       0 |   0.0
        D:3 |      36 |       0 |   0.0 |       5 |       0 |   0.0
            +---------+---------+-------+---------+---------+-------
